 Dungeon Crawl Stone Soup version 0.26.0-18-gc5c842f807 (webtiles) character file.

Game seed: 15842424780544790827

880 trckry the Vandal (level 8, -3/66 HPs)
             Began as a Ghoul Hunter on Jan 23, 2021.
             Killed by divine providence
             ... invoked by an orc priest
              (14 damage)
             ... on level 4 of the Dungeon on Jan 24, 2021.
             The game lasted 00:10:08 (4024 turns).

trckry the Vandal (Ghoul Hunter)                    Turns: 4024, Time: 00:10:09

Health: -3/66      AC: 11    Str: 18    XL:     8   Next: 5%
Magic:  18/18      EV:  8    Int:  6    God:
Gold:   254        SH:  0    Dex:  9    Spells: 7/7 levels left

rFire    . . .     SeeInvis .   a - +1 hunting sling
rCold    + . .     Faith    .   (no shield)
rNeg     + + +     Spirit   .   h - +0 chain mail
rPois    ∞         Reflect  .   u - +0 helmet
rElec    .         Harm     .   (no cloak)
rCorr    .         Rampage  .   B - +0 pair of gloves
Will     .....                  (no boots)
Stlth    ..........             (no amulet)
HPRegen  0.00/turn              j - ring of magical power
MPRegen  0.16/turn              (no ring)

@: no status effects
A: claws 1, cold resistance 1, negative energy resistance 3, inhibited
regeneration, torment resistance, unbreathing
a: no special abilities


You were on level 4 of the Dungeon.
You visited 1 branch of the dungeon, and saw 4 of its levels.

You collected 254 gold pieces.

Inventory:

Hand Weapons
 a - a +1 hunting sling (weapon)
 b - a +0 flail
Missiles
 c - 10 poisoned darts
 r - 124 stones (quivered ammo)
Armour
 h - a +0 chain mail (worn)
 u - a +0 helmet (worn)
 B - a +0 pair of gloves (worn)
Jewellery
 j - a ring of magical power (left hand)
 l - a +4 ring of evasion {unknown}
 m - a +6 ring of dexterity {unknown}
 w - an uncursed amulet of magic regeneration {unknown}
 z - a cursed amulet of inaccuracy {unknown}
Wands
 C - a wand of iceblast (9)
Scrolls
 e - a scroll of amnesia {unknown}
 f - 3 scrolls of fear {unknown}
 k - 2 scrolls of enchant weapon {unknown}
 n - 4 scrolls of identify {unknown}
 o - 2 scrolls of enchant armour {unknown}
 p - 2 scrolls of fog {unknown}
 s - 3 scrolls of teleportation {unknown}
 t - 2 scrolls of remove curse {unknown}
 y - 2 scrolls of magic mapping {unknown}
Potions
 d - a potion of heal wounds {unknown}
 g - a potion of degeneration {unknown}
 i - a potion of ambrosia {unknown}
 v - a potion of haste {unknown}
 x - a potion of flight {unknown}
 A - 2 potions of curing {unknown}


   Skills:
 + Level 3.8 Fighting
 * Level 3.1 Maces & Flails
 * Level 5.4 Slings
 + Level 2.3 Armour
 + Level 3.2 Dodging
 - Level 1.1 Stealth
 + Level 2.7 Invocations
 + Level 2.3 Evocations


You had 7 spell levels left.
You didn't know any spells.
Your spell library was empty.

Dungeon Overview and Level Annotations

Branches:
Dungeon (4/15)
 Temple: D:4-7

Altars:
Cheibriados
Fedhas
Gozag
Nemelex Xobeh
Okawaru
The Shining One


Innate Abilities, Weirdness & Mutations

You thrive by killing the living.
You are immune to poison.
You have sharp fingernails.
Your flesh is cold resistant. (rC+)
You are immune to negative energy. (rN+++)
You do not regenerate when monsters are visible.
You are immune to unholy pain and torment.
You can survive without breathing.


Message History

The orc priest invokes the aid of Beogh against you.
Beogh smites you!
Fire: 125 stones
Press: ? - help, Q - select action, (/) - cycle Shift-Dir - straight line, f/p - orc priest
Aim: an orc priest, wearing a +0 leather armour (moderately wounded)
You shoot a stone. The stone hits the orc priest.
The orc priest is heavily wounded.
The orc priest mumbles some strange prayers to Beogh against you.
Beogh smites you!
* * * LOW HITPOINT WARNING * * *
The orc priest looks satisfied for a moment.
The orc priest looks encouraged for a moment.
An orc wizard comes into view. It is wielding a +0 dagger.
The orc wizard shouts!
The orc priest mumbles some strange prayers to Beogh against you.
Beogh smites you!
* * * LOW HITPOINT WARNING * * *
The orc priest calls down the wrath of Beogh upon you.
Beogh smites you!
You die...

##############
#....((.o(((##
#.#########(#.
######## #.# #...(
#..<...# ###.### #
#.####.# #.o...#
#...> #.#
#.####.###.######..##
#.# #...@..#
#........# # #.#
######.###.######## .
#.# #.o...# . #.#
###.###### # #.#
##......# # #.#
####...###.# #.#
#....#.# #.#
#.##...## #.#
#.###......


You could see an orc priest and an orc wizard.

Vanquished Creatures
  Grinder (D:4)
  Eustachio (D:4)
  2 scorpions
  An orc priest (D:3)
  2 hounds (D:4)
  Ijyb (D:4)
  An orc wizard (D:2)
  Natasha (thrice) (D:2)
  A worker ant (D:4)
  4 gnolls (D:2)
  11 adders
  An ooze (D:1)
  3 leopard geckos
  8 orcs
  A ball python (D:1)
  4 giant cockroaches
  4 goblins
  7 hobgoblins
  6 kobolds
  2 quokkas (D:3)
  6 bats
  3 frilled lizards
  7 rats
80 creatures vanquished.

Notes
Turn   | Place    | Note
-------+----------+-------------------------------------------
     0 | D:1      | trckry the Ghoul Hunter began the quest for the Orb.
     0 | D:1      | Reached XP level 1. HP: 17/17 MP: 0/0
   218 | D:1      | Reached XP level 2. HP: 25/25 MP: 1/1
   567 | D:1      | Reached skill level 4 in Slings
   572 | D:1      | Reached XP level 3. HP: 30/30 MP: 2/2
  1134 | D:2      | Found a sparkling altar of Nemelex Xobeh.
  1161 | D:2      | Reached XP level 4. HP: 37/37 MP: 3/3
  1258 | D:2      | Noticed Natasha
  1267 | D:2      | Killed Natasha
  1268 | D:2      | Reached skill level 1 in Armour
  1275 | D:2      | Noticed Natasha
  1286 | D:2      | Killed Natasha
  1287 | D:2      | Reached skill level 1 in Invocations
  1417 | D:2      | Noticed Natasha
  1425 | D:2      | Killed Natasha
  1426 | D:2      | Reached skill level 1 in Evocations
  1426 | D:2      | Reached XP level 5. HP: 44/44 MP: 4/4
  1469 | D:2      | Reached skill level 1 in Maces & Flails
  2051 | D:3      | Reached XP level 6. HP: 23/51 MP: 6/6
  2745 | D:3      | Found a blossoming altar of Fedhas.
  2747 | D:3      | Found a snail-covered altar of Cheibriados.
  2903 | D:3      | Found a glowing golden altar of the Shining One.
  2908 | D:3      | Found an iron altar of Okawaru.
  3099 | D:4      | Noticed Grinder
  3099 | D:4      | Noticed Ijyb
  3166 | D:4      | Found an opulent altar of Gozag.
  3291 | D:4      | Reached XP level 7. HP: 57/57 MP: 7/7
  3314 | D:4      | Reached skill level 5 in Slings
  3531 | D:4      | Killed Ijyb
  3666 | D:4      | Noticed Eustachio
  3699 | D:4      | Killed Eustachio
  3710 | D:4      | HP: 3/57 [Grinder (4)]
  3714 | D:4      | Killed Grinder
  3715 | D:4      | Reached XP level 8. HP: 4/66 MP: 9/9
  4024 | D:4      | Killed from afar by an orc priest

Illustrated notes

Levels and vault maps discovered:
D:1:      dpeg_arrival_boxorama, layout_basic
D:2:      layout_rooms, old_standard_altar, serial_curves, eino_curves_02,
          eino_curves_03, uniq_natasha
D:3:      layout_rooms, nicolae_overflow_hidden_temple, minmay_statues_item
D:4:      layout_loops_ring, nicolae_gozag_cash_rules_everything_around_me,
          lemuel_coloured_pillars_altar, minmay_temple_entry_enclosed_plants,
          uniq_eustachio, uniq_grinder, uniq_ijyb

Skill      XL: |  1  2  3  4  5  6  7 |
---------------+----------------------+-----
Dodging        | 2 3 |  3.2
Slings         | 4 5 |  5.4
Armour         | 1 2 |  2.3
Invocations    | 1 2 |  2.7
Evocations     | 1 2 |  2.3
Maces & Flails | 1 2 3 |  3.1
Fighting       | 3 |  3.8
Stealth        | |  1.1

Action                   |  1- 3 |  4- 6 |  7- 9 || total
-------------------------+-------+-------+-------++-------
Melee: Club              |    38 |    18 |       ||    56
       Flail             |       |    17 |    51 ||    68
 Fire: Hunting sling     |    66 |   234 |    54 ||   354
Throw: Dart              |       |       |     9 ||     9
Armor: Chain mail        |    46 |   111 |    47 ||   204
Dodge: Dodged            |    30 |    43 |    36 ||   109
